 Dungeon Crawl Stone Soup version 0.26-b1-32-g5d43845318 (webtiles) character file.

Game seed: 9061048218582817638

667 Borgoz the Skirmisher (level 7, -2/60 HPs)
             Began as a Ghoul Gladiator on Jan 13, 2021.
             Slain by a phantom (3 damage)
             ... on level 5 of the Dungeon.
             The game lasted 00:04:53 (4954 turns).

Borgoz the Skirmisher (Ghoul Gladiator)             Turns: 4954, Time: 00:04:54

Health: -2/60      AC:  6    Str: 19    XL:     7   Next: 57%
Magic:  6/6        EV: 12    Int:  3    God:
Gold:   183        SH:  0    Dex: 11    Spells: 6/6 levels left

rFire    . . .     SeeInvis .   h - +1 morningstar (flame)
rCold    + . .     Faith    .   (no shield)
rNeg     + + +     Spirit   .   k - +0 ring mail
rPois    ∞         Reflect  .   c - +0 helmet
rElec    .         Harm     .   (no cloak)
rCorr    .         Rampage  .   (no gloves)
Will     .....                  (no boots)
Stlth    +.........             (no amulet)
HPRegen  0.00/turn              (no ring)
MPRegen  0.10/turn              (no ring)

@: mighty
A: claws 1, cold resistance 1, negative energy resistance 3, inhibited
regeneration, torment resistance, unbreathing
a: no special abilities


You were on level 5 of the Dungeon.
You visited 1 branch of the dungeon, and saw 5 of its levels.

You collected 183 gold pieces.

Inventory:

Hand Weapons
 h - a +1 morningstar of flaming (weapon)
Missiles
 d - 3 throwing nets (quivered)
Armour
 c - a +0 helmet (worn)
 k - a +0 ring mail (worn)
Wands
 l - a wand of iceblast (10)
 o - a wand of paralysis (11)
Scrolls
 a - a scroll of teleportation
 f - a scroll of fear
 i - 3 scrolls of magic mapping
 j - a scroll of remove curse
Potions
 e - a potion of might
 g - a potion of flight
 m - a potion of haste


   Skills:
 * Level 4.8 Fighting
 * Level 4.4 Maces & Flails
 - Level 1.7 Throwing
 * Level 3.4 Armour
 * Level 4.5 Dodging


You had 6 spell levels left.
You didn't know any spells.
Your spell library was empty.

Dungeon Overview and Level Annotations

Branches:
Dungeon (5/15)
 Temple: D:4-7

Altars:
Cheibriados
Fedhas
Ru
Sif Muna
The Shining One

Shops:
D:4 !


Innate Abilities, Weirdness & Mutations

You thrive by killing the living.
You are immune to poison.
You have sharp fingernails.
Your flesh is cold resistant. (rC+)
You are immune to negative energy. (rN+++)
You do not regenerate when monsters are visible.
You are immune to unholy pain and torment.
You can survive without breathing.


Message History

You feel better. The wight barely misses you.
The phantom blinks!
The white imp grinds its teeth.
You puncture the wight! You burn the wight.
The wight is almost destroyed.
The wight completely misses you.
You hear a shout!
You hear an angry hiss.
You hit the wight. You burn the wight.
You destroy the wight!
You hear a shout!
The white imp lashes its tail.
The orc warrior hits you with a +0 long sword!
* * * LOW HITPOINT WARNING * * *
You hear an angry hiss.
You sock the phantom! You burn the phantom.
The phantom is moderately damaged.
You hear an angry hiss.
The orc warrior closely misses you.
The phantom hits you but does no damage.
The phantom hits you.
You die...

. .. ...# .....
#....5##########
#llo@W.....#
#...o#######.#
#.##. #.# .. ..
#<# # ##. ### #.
#. #.


You could see a phantom, an orc warrior (berserk), an iguana, a white imp, an
orc and a frilled lizard.

Vanquished Creatures
  Sigmund (D:3)
  A sky beast (D:4)
  A wight (D:5)
  3 orc priests
  3 orc wizards
  A centaur skeleton (D:4)
  Terence (D:3)
  A worker ant (D:4)
  4 adders
  4 worms
  3 dart slugs
  3 leopard geckos
  12 orcs
  2 giant cockroaches (D:3)
  9 goblins
  5 hobgoblins
  2 jackals (D:4)
  2 ball pythons
  6 bats
  6 frilled lizards
  7 kobolds
  10 rats
87 creatures vanquished.

Notes
Turn   | Place    | Note
-------+----------+-------------------------------------------
     0 | D:1      | Borgoz the Ghoul Gladiator began the quest for the Orb.
     0 | D:1      | Reached XP level 1. HP: 17/17 MP: 0/0
   109 | D:1      | Reached XP level 2. HP: 18/25 MP: 1/1
   820 | D:1      | Reached skill level 1 in Armour
   946 | D:2      | Reached XP level 3. HP: 29/30 MP: 2/2
  1433 | D:2      | Found a glowing golden altar of the Shining One.
  2038 | D:2      | Reached XP level 4. HP: 28/38 MP: 3/3
  2325 | D:3      | Reached XP level 5. HP: 21/45 MP: 4/4
  2743 | D:3      | Noticed Sigmund
  2773 | D:3      | Killed Sigmund
  2774 | D:3      | Reached XP level 6. HP: 10/52 MP: 5/5
  3244 | D:3      | Noticed Terence
  3248 | D:3      | Killed Terence
  3401 | D:3      | Found a blossoming altar of Fedhas.
  3516 | D:3      | Found a faded altar of an unknown god.
  3751 | D:4      | Found Paubber's Distillery.
  3771 | D:4      | Reached XP level 7. HP: 31/60 MP: 6/6
  4230 | D:4      | Found a sacrificial altar of Ru.
  4231 | D:4      | Found a shimmering blue altar of Sif Muna.
  4531 | D:4      | Found a snail-covered altar of Cheibriados.
  4923 | D:5      | Entered Level 5 of the Dungeon
  4953 | D:5      | HP: 1/60 [orc warrior/+0 long sword (13)]
  4954 | D:5      | Slain by a phantom

Illustrated notes

Levels and vault maps discovered:
D:1:      eino_arrival_cavern_b, layout_basic
D:2:      layout_loops_ring, old_standard_altar
D:3:      layout_loops_ring, marbit_many_paths, chequers_ecumenical_altar_grove,
          uniq_sigmund, uniq_terence
D:4:      kb_forest_paths, layout_basic, gammafunk_temple_overflow_pools,
          kennysheep_slug_shrine, serial_shops, shop
D:5:      cheibrodos_fzero, layout_basic, nicolae_gozag_seed_capital,
          kennysheep_little_box, overflow_temple_1_default

Skill      XL: |  1  2  3  4  5  6 |
---------------+-------------------+-----
Armour         | 1 2 3 |  3.4
Maces & Flails | 3 4 |  4.4
Dodging        | 3 4 |  4.5
Fighting       | 3 4 |  4.8
Throwing       | |  1.7

Action                   |  1- 3 |  4- 6 |  7- 9 || total
-------------------------+-------+-------+-------++-------
Melee: Flail             |   127 |    90 |       ||   217
       Morningstar       |       |    58 |    45 ||   103
  Use: Scroll            |     4 |     4 |     3 ||    11
       Potion            |       |     3 |     2 ||     5
Armor: Leather armour    |    40 |    16 |       ||    56
       Ring mail         |       |    28 |    13 ||    41
Dodge: Dodged            |    99 |   105 |    33 ||   237
